 Dungeon Crawl Stone Soup version 0.21.1 (webtiles) character file.

1235 Mesmaeker13 the Poker (level 8, -1/62 HPs)
             Began as a Demigod Skald on Feb 3, 2018.
             Slain by an orc warrior
             ... wielding a +0 short sword
              (20 damage)
             ... on level 5 of the Dungeon.
             The game lasted 00:22:06 (8070 turns).

Mesmaeker13 the Poker (Demigod Skald)               Turns: 8070, Time: 00:22:07

Health: -1/62      AC:  6    Str: 18    XL:     8   Next: 4%
Magic:  3/14       EV: 11    Int: 17    God:
Gold:   311        SH:  7    Dex: 15    Spells: 4/11 levels left

rFire    + . .     SeeInvis .   n - +2 trident (flame)
rCold    . . .     Gourm    .   z - +2 buckler {rPois}
rNeg     . . .     Faith    .   G - +0 ring mail
rPois    +         Spirit   .   (no helmet)
rElec    .         Reflect  .   v - +0 cloak
rCorr    .         Harm     .   (no gloves)
MR       .....                  (no boots)
Stlth    +.........             (no amulet)
HPRegen  0.20/turn              K - ring of wizardry
MPRegen  0.14/turn              I - ring of protection from fire

@: infused, very slightly contaminated
A: high mp 1
a: no special abilities


You were on level 5 of the Dungeon.
You were not hungry.

You visited 1 branch of the dungeon, and saw 6 of its levels.

You collected 311 gold pieces.

Inventory:

Hand Weapons
 n - a +2 trident of flaming (weapon)
 o - a cursed +0 blowgun
 r - a +1 hunting sling of flaming
 C - a +0 trident of freezing
Missiles
 p - 13 poisoned needles
 s - 90 sling bullets
 B - 2 poisoned javelins (quivered)
Armour
 v - a +0 cloak (worn)
 y - a +0 shield
 z - a +2 buckler of poison resistance (worn)
 G - a +0 ring mail (worn)
Jewellery
 m - an uncursed ring of fire
 D - an uncursed ring of positive energy
 I - a ring of protection from fire (right hand)
 K - a ring of wizardry (left hand)
Wands
 b - a wand of polymorph (17)
Scrolls
 a - a scroll of fear
 e - a scroll of enchant weapon
 k - 3 scrolls of immolation
 q - a scroll of blinking {unknown}
 u - 2 scrolls of remove curse {unknown}
 x - 2 scrolls of teleportation {unknown}
 A - 4 scrolls of enchant armour
 E - a scroll of amnesia {unknown}
 J - a scroll of holy word {unknown}
Potions
 f - 3 potions of curing
 g - a potion of agility
 h - a potion of mutation
 i - 2 potions of heal wounds {unknown}
 l - a potion of magic {unknown}
 t - 2 potions of degeneration {unknown}
 w - a potion of might
 F - 2 potions of haste {unknown}
Books
 c - a book of Battle

   Spells                             Type                      Level
   a - Infusion                       Charms                       1
   b - Shroud of Golubria             Charms/Translocation         2
   c - Song of Slaying                Charms                       2
   d - Spectral Weapon                Hexes/Charms                 3
   e - Regeneration                   Charms/Necromancy            3
 j - a book of Maledictions

   Spells                             Type                      Level
   a - Corona                         Hexes                        1
   b - Ensorcelled Hibernation        Hexes/Ice                    2
   c - Confuse                        Hexes                        3
   d - Tukima's Dance                 Hexes                        3
   e - Dazzling Spray                 Conjuration/Hexes            3
Comestibles
 d - 9 rations
 H - 2 chunks of flesh


   Skills:
 - Level 2.3 Fighting
 + Level 5.2 Polearms
 + Level 1.4 Armour
 - Level 2.0 Dodging
 - Level 4.6 Shields
 - Level 2.0 Spellcasting
 - Level 3.2 Hexes
 + Level 4.7 Charms


You had 4 spell levels left.
You knew the following spells:

 Your Spells              Type           Power        Failure   Level  Hunger
a - Infusion              Chrm           ###.         1%          1    #......
b - Confuse               Hex            ##......     11%         3    ###....
c - Regeneration          Chrm/Necr      #.........   16%         3    ###....


Dungeon Overview and Level Annotations

Branches:
Dungeon (6/15)
 Temple: D:4-7

Shops:
D:6 (


Innate Abilities, Weirdness & Mutations

You have an increased reservoir of magic. (+10% MP)


Message History

The orc warrior hits you with a short sword.
You climb upwards.
Your skin stops crawling.
There is a stone staircase leading down here.
You closely miss the orc warrior.
The orc warrior is moderately wounded.
The orc warrior hits you with a short sword!
You closely miss the orc warrior.
The orc warrior is moderately wounded.
You block the orc warrior's attack.
Your ring mail prevents you from hitting the orc warrior.
The orc warrior is moderately wounded.
The orc warrior hits you with a short sword!
You hit the orc warrior. You burn the orc warrior.
The orc warrior is heavily wounded.
You block the orc warrior's attack.
You completely miss the orc warrior.
The orc warrior is heavily wounded.
The orc warrior hits you with a short sword!!
You die...

### ..# #.# #.#
#.################
...............o@#
#.#.....##.#######
#.#.###.##.#
.....##.##.#
......#.##.#
.##.###.##.# ..#.#
#.##.# #.#.#
#.##.# #.#.#
#.##.#


You could see an orc warrior.

Vanquished Creatures
  Sigmund (D:5)
  A water moccasin (D:5)
  A sky beast (D:6)
  2 ice beasts
  A scorpion (D:5)
  A howler monkey (D:5)
  A centaur zombie (D:5)
  A hound (D:4)
  3 orc wizards
  4 orc priests
  A centaur skeleton (D:6)
  2 worker ants
  A hound skeleton (D:5)
  4 gnolls (D:4)
  A howler monkey skeleton (D:4)
  5 adders
  An ooze (D:1)
  2 adder skeletons
  A worm (D:2)
  4 dart slugs
  3 leopard geckos
  31 orcs
  4 bats
  6 giant cockroaches
  7 goblins
  9 hobgoblins
  2 quokkas
  2 ball pythons (D:3)
  10 frilled lizards
  6 kobolds
  A quokka zombie (D:5)
  19 rats
138 creatures vanquished.

Notes
Turn   | Place    | Note
-------+----------+-------------------------------------------
     0 | D:1      | Mesmaeker13 the Demigod Skald began the quest for the Orb.
     0 | D:1      | Reached XP level 1. HP: 17/17 MP: 5/5
   378 | D:1      | Reached XP level 2. HP: 24/24 MP: 1/7
   543 | D:1      | Reached skill level 1 in Armour
   652 | D:1      | Reached skill level 2 in Polearms
   698 | D:1      | Reached XP level 3. HP: 19/29 MP: 3/8
  1241 | D:2      | Learned a level 3 spell: Confuse
  2251 | D:3      | Noticed an ice beast
  2703 | D:2      | Reached XP level 4. HP: 37/37 MP: 5/9
  2884 | D:3      | Reached skill level 1 in Shields
  2884 | D:3      | Reached skill level 1 in Hexes
  3378 | D:3      | Reached XP level 5. HP: 22/42 MP: 7/10
  3564 | D:3      | Reached skill level 3 in Polearms
  3810 | D:3      | Learned a level 3 spell: Regeneration
  4305 | D:3      | Killed an ice beast
  4305 | D:3      | Reached XP level 6. HP: 48/49 MP: 1/11
  6300 | D:4      | Found a sparkling altar of Nemelex Xobeh.
  6626 | D:5      | Entered Level 5 of the Dungeon
  6632 | D:5      | Reached skill level 4 in Polearms
  6674 | D:5      | Reached XP level 7. HP: 33/56 MP: 9/13
  7468 | D:5      | Noticed Sigmund
  7476 | D:5      | Killed Sigmund
  7646 | D:5      | Reached skill level 5 in Polearms
  7794 | D:6      | Found Hoasmev's Weapon Boutique.
  7975 | D:6      | Reached XP level 8. HP: 56/62 MP: 14/14
  8070 | D:5      | Slain by an orc warrior

Skill      XL: |  1  2  3  4  5  6  7 |
---------------+----------------------+-----
Spellcasting   | 2 |  2.0
Fighting       | 2 |  2.3
Charms         | 3 4 |  4.7
Armour         | 1 |  1.4
Polearms       | 2 3 4 5 |  5.2
Dodging        | 2 |  2.0
Shields        | 1 2 3 4 |  4.6
Hexes          | 1 2 3 |  3.2

Action                   |  1- 3 |  4- 6 |  7- 9 || total
-------------------------+-------+-------+-------++-------
Melee: Spear             |   148 |       |       ||   148
       Trident           |     6 |   133 |    86 ||   225
 Cast: Infusion          |    11 |    13 |     9 ||    33
       Confuse           |     1 |     7 |     2 ||    10
       Regeneration      |       |     2 |     7 ||     9
  Use: Scroll            |     3 |     4 |     2 ||     9
       Potion            |     1 |       |       ||     1
 Stab: Sleeping          |     6 |     2 |       ||     8
       Confused          |       |     3 |       ||     3
  Eat: Chunk             |     6 |     7 |     3 ||    16
       Ration            |       |     2 |     1 ||     3
Armor: Leather armour    |    22 |     9 |    10 ||    41
       Ring mail         |       |       |     1 ||     1
Dodge: Dodged            |    57 |    50 |    17 ||   124
Block: Buckler           |    14 |    27 |    16 ||    57
